 Seeded DCSS version 0.30-a0-210-g01b79a254e (webtiles) character file.

Game seed: 8047077875668057139 (custom seed)

5 valliere the Insei (level 1, 13/13 HPs)
             Began as an Octopode Transmuter on Oct 4, 2022.
             Was a Follower of Qazlal.
             Quit the game on level 1 of the Dungeon.
             The game lasted 00:00:42 (157 turns).

valliere the Insei (Octopode Transmuter)             Turns: 157, Time: 00:00:43

Health: 13/13      AC:  1    Str:  9    XL:     1   Next: 80%
Magic:  3/3        EV: 13    Int: 15    God:    Qazlal [*.....]
Gold:   12         SH:  1    Dex: 12    Spells: 3/4 levels left

rFire   . . .      SeeInvis .      - Unarmed
rCold   . . .      Faith    .    (no shield)
rNeg    . . .      Spirit   .    (helmet restricted)
rPois   .          Reflect  .    b - amulet of regeneration
rElec   .          Harm     .    (no ring)
rCorr   .          Rampage  .    (no ring)
Will    .....                    (no ring)
Stlth   ++........               (no ring)
HPRegen 1.02/turn                (no ring)
MPRegen 0.08/turn                (no ring)
                                 (no ring)
                                 (no ring)

@: no status effects
A: almost no armour, amphibious, 8 rings, camouflage 1, gelatinous body 1,
(nimble swimmer 1), tentacles
a: Renounce Religion


You were on level 1 of the Dungeon.
You worshipped Qazlal.
Qazlal was aware of your devotion.
You visited 1 branch of the dungeon, and saw 1 of its levels.

You collected 12 gold pieces.

Inventory:

Jewellery
 b - an amulet of regeneration (around mantle)
Potions
 a - a potion of lignification
 c - a potion of heal wounds {unknown}


   Skills:
 + Level 1.1 Fighting
 + Level 2.1 Dodging
 + Level 0.3 Stealth
 * Level 3.0 Unarmed Combat
 - Level 2.0 Spellcasting
 * Level 2.1 Transmutations


You had 3 spell levels left.
You knew the following spells:

 Your Spells              Type           Power      Damage    Failure   Level
a - Beastly Appendage     Tmut           14%        N/A       10%         1

Your spell library contained the following spells:

 Spells                   Type           Power      Damage    Failure   Level
 Wereblood                Tmut           7%         N/A       14%         2
 Spider Form              Tmut/Pois      4%         N/A       41%         3
 Ice Form                 Ice/Tmut       4%         N/A       82%         4


Dungeon Overview and Level Annotations

Branches:
Dungeon (1/15)

Altars:
Qazlal


Innate Abilities, Weirdness & Mutations

You cannot wear most types of armour.
You are amphibious.
You can wear up to eight rings at the same time.
Your skin changes colour to match your surroundings (Stealth+).
Your rubbery body absorbs attacks. (AC +1, EV +1)
((You are camouflaged when in or above water. (Stealth+)))
You have tentacles for arms and can constrict up to eight enemies at once.


Message History

Your squeeze misses the giant cockroach.
The giant cockroach is heavily wounded.
The giant cockroach misses you.
You closely miss the giant cockroach. Your grab misses the giant cockroach.
The giant cockroach is heavily wounded.
The giant cockroach closely misses you.
Your magical contamination has completely faded away.
You closely miss the giant cockroach. You grab the giant cockroach.
The giant cockroach is heavily wounded.
You constrict the giant cockroach, but do no damage.
The giant cockroach barely misses you.
You tentacle-slap the giant cockroach.
The giant cockroach is severely wounded.
You constrict the giant cockroach.
You kill the giant cockroach!
No target in view!
There is a stone staircase leading down here.
You now have 12 gold pieces.
An endoplasm comes into view.
The endoplasm quivers.
One of your tentacles grows a vicious spike.
You tentacle-slap the endoplasm but do no damage.
You pierce the endoplasm, but do no damage.
You squeeze the endoplasm!
You kill the endoplasm!
No target in view!
No target in view!
Your transformation is almost over.
Your tentacle spike disappears.
Found a faded altar of an unknown god.
Found a grey potion.
c - a grey potion
Found 9 gold pieces.
There is a faded altar of an unknown god here.
This altar belongs to (a) Ashenzari, (b) the Shining One or (c) Qazlal, but you can't tell which.
Press the corresponding letter to learn more about a god, or press enter to convert or escape to cancel.
Qazlal accepts your prayer! Qazlal welcomes you!
Qazlal grants you and your divine allies immunity to clouds.
You are now surrounded by a storm.
Are you sure you want to abandon this character and quit the game? (Confirm with "yes".)

###### ####....#
### ###.....#.# #..
#....♣..#.# #.# #
♣@♣.#.# #######.#
#.#..♣....#
#.......#
.........#.#
#.#######
$...##.####.####.#
.## #. #...##.#
#.####...##.#######
#..................
#.####...##.#######
######.#


There were no monsters in sight!

Vanquished Creatures
  An endoplasm (D:1)
  2 giant cockroaches (D:1)
  A frilled lizard (D:1)
  A rat (D:1)
5 creatures vanquished.

Notes
Turn   | Place    | Note
-------+----------+-------------------------------------------
     0 | D:1      | valliere the Octopode Transmuter began the quest for the
                  | Orb.
     0 | D:1      | Reached XP level 1. HP: 13/13 MP: 3/3
   149 | D:1      | Found a faded altar of an unknown god.
   156 | D:1      | Prayed at the altar of an unknown god.
   156 | D:1      | Became a worshipper of Qazlal Stormbringer
   156 | D:1      | Reached * piety under Qazlal
   157 | D:1      | Quit the game

Illustrated notes

Levels and vault maps discovered:
D:1:      wander_arrival_lonely_grave, layout_basic,
          chequers_ecumenical_altar_simple, nicolae_titane

Action                   || total
-------------------------++-------
Melee: Unarmed           ||    18
       Constrict         ||     2
       Tentacles         ||     2
       Kick              ||     1
 Cast: Beastly Appendage ||     2
Dodge: Dodged            ||    14

Table legend: (Time is in decaauts)
 A = Elapsed time spent in this place.
 B = Non-inter-level travel time spent in this place.
 C = Inter-level travel time spent in this place.
 D = Time resting spent in this place.
 E = Time spent auto-exploring this place.
 F = Levels seen in this place.
 G = Mean time per level.
                   A        B        C        D        E       F      G
               +--------+--------+--------+--------+--------+-----+--------+
         Total |    156 |    156 |      0 |      0 |    102 |   1 |  156.0 |
       Dungeon |    156 |    156 |      0 |      0 |    102 |   1 |  156.0 |
               +--------+--------+--------+--------+--------+-----+--------+

Top non-repeatable levels by time:
     D:1: 156 daAuts
